 Dungeon Crawl Stone Soup version 0.31.0-11-ge490571c62 (webtiles) character file.

Game seed: 1863737924403222351

422 Arctor the Magician (level 6, -3/32 HPs)
             Began as a Deep Elf Fire Elementalist on Feb 3, 2024.
             Slain by Edmund
             ... wielding a +4 flail of protection
              (6 damage)
             ... on level 4 of the Dungeon.
             The game lasted 00:04:13 (4622 turns).

Arctor the Magician (Deep Elf Fire Elementalist)    Turns: 4622, Time: 00:04:14

Health: -3/32      AC:  8    Str:  5    XL:     6   Next: 63%
Magic:  3/15       EV: 13    Int: 22    God:
Gold:   166        SH:  0    Dex: 15    Spells: 12/15 levels left

rFire   . . .        (no weapon)
rCold   . . .        (no shield)
rNeg    . . .        a - +0 robe
rPois   .            (no helmet)
rElec   .            (no cloak)
rCorr   .            g - +1 pair of gloves
SInv    .            (no boots)
Will    .....        j - amulet of magic regeneration
Stlth   +++          m - +4 ring of protection
HPRegen 0.25/turn    (no ring)
MPRegen 0.54/turn

%: no passive effects
@: no status effects
A: no striking features
a: no special abilities


You were on level 4 of the Dungeon.
You visited 1 branch of the dungeon, and saw 5 of its levels.

You collected 166 gold pieces.

Inventory:

Missiles
 n - a throwing net
Armour
 a - a +0 robe (worn)
 g - a +1 pair of gloves (worn)
Jewellery
 j - an amulet of magic regeneration (around neck)
 m - a +4 ring of protection (left hand)
Wands
 i - a wand of roots (10)
Scrolls
 d - a scroll of enchant armour
 e - a scroll of enchant weapon
 l - 4 scrolls of revelation
 o - a scroll of teleportation
Potions
 b - a potion of magic
 c - 2 potions of haste {unknown}
 f - a potion of berserk rage {unknown}
 h - a potion of curing {unknown}
 k - a potion of heal wounds {unknown}


   Skills:
 + Level 4.3 Dodging
 + Level 4.6 Stealth
 + Level 5.0 Spellcasting
 + Level 3.3 Conjurations
 + Level 4.8 Fire Magic


You had 12 spell levels left.
You knew the following spells:

 Your Spells              Type           Power      Damage    Failure   Level
a - Foxfire               Conj/Fire      92%        2x1d8     1%          1
b - Scorch                Fire           52%        2d7       2%          2

Your spell library contained the following spells:

 Spells                   Type           Power      Damage    Failure   Level
 Inner Flame              Hex/Fire       16%        N/A       12%         3
 Volatile Blastmotes      Fire/Tloc      32%        2d12      12%         3
 Call Imp                 Summ           10%        N/A       16%         2
 Sublimation of Blood     Necr           5%         N/A       16%         2
 Stone Arrow              Conj/Erth      24%        3d8       16%         3
 Flame Wave               Conj/Fire      23%        2d8       19%         4
 Animate Armour           Summ/Erth      10%        N/A       69%         4
 Summon Hydra             Summ           2%         N/A       100%        7
 Lehudib's Crystal Spear  Conj/Erth      6%         10d3      100%        8


Dungeon Overview and Level Annotations

Branches:
Dungeon (5/15)
 Temple: D:4-7

Altars:
Elyvilon
Gozag
Wu Jian
Zin

Shops:
D:3 *

Annotations:
D:4 Edmund


Message History

Edmund hits you with a +4 flail of protection.
Casting: Scorch (safe; 2% risk of failure)
Confirm with . or Enter, or press ? or * to list all spells.
Flames lash Edmund but do no damage.
Edmund closely misses you.
Casting: Scorch (safe; 2% risk of failure)
Confirm with . or Enter, or press ? or * to list all spells.
Flames lash Edmund.
Edmund is burned terribly!
Edmund is heavily wounded.
Edmund hits you with a +4 flail of protection!
Casting: Scorch (safe; 2% risk of failure)
Confirm with . or Enter, or press ? or * to list all spells.
Flames lash Edmund.
Edmund is burned terribly!
Edmund is heavily wounded.
Edmund clears his throat.
Edmund hits you with a +4 flail of protection!
* * * LOW HITPOINT WARNING * * *
Casting: Scorch (safe; 2% risk of failure)
Confirm with . or Enter, or press ? or * to list all spells.
Flames lash Edmund.
Edmund is burned terribly!
Edmund is severely wounded.
Edmund hits you with a +4 flail of protection.
* * * LOW HITPOINT WARNING * * *
Casting: Scorch (safe; 2% risk of failure)
Confirm with . or Enter, or press ? or * to list all spells.
Flames lash Edmund.
Edmund is burned terribly!
Edmund is almost dead.
Edmund barely misses you.
Casting: Scorch (safe; 2% risk of failure)
Confirm with . or Enter, or press ? or * to list all spells.
Flames lash Edmund.
Edmund is almost dead.
Edmund hits you with a +4 flail of protection.
* * * LOW HITPOINT WARNING * * *
Casting: Scorch (safe; 2% risk of failure)
Confirm with . or Enter, or press ? or * to list all spells.
Flames lash Edmund.
Edmund is almost dead.
Edmund hits you with a +4 flail of protection.
You die...
Edmund says, "I'd like to see a scythe do that!"

........####...........####......
........#..#...........#..#......
........'..#...........#..#......
........#..#...........#..'......
........#..#...........####......
#########..##......##### #######
#.)....#......# #......#....†.#
#####'###.#..@@..#
#..##..########### #.......#
#.......# #########


You could see Edmund (combustible).

Vanquished Creatures
  Eustachio (D:4)
  3 sleepcaps
  3 iguanas (D:4)
  An orc wizard (D:5)
  2 adders
  5 dart slugs
  A ribbon worm (D:2)
  11 orcs
  3 ball pythons
  5 bats
  2 endoplasms
  6 giant cockroaches
  8 goblins
  A hobgoblin (D:4)
  A jackal (D:1)
  2 quokkas
  7 kobolds
  3 rats
65 creatures vanquished.

Vanquished Creatures (others)
  339 foxfires
339 creatures vanquished.

Grand Total: 404 creatures vanquished

Notes
Turn   | Place    | Note
-------+----------+-------------------------------------------
     0 | D:1      | Arctor the Deep Elf Fire Elementalist began the quest for
                  | the Orb.
     0 | D:1      | Reached XP level 1. HP: 10/10 MP: 6/6
   418 | D:1      | Reached XP level 2. HP: 5/15 MP: 5/8
   421 | D:1      | Learned a level 2 spell: Scorch
  1311 | D:2      | Reached XP level 3. HP: 19/19 MP: 4/9
  2264 | D:3      | Found an ornate altar of the Wu Jian Council.
  2273 | D:3      | Found a glowing silver altar of Zin.
  2355 | D:3      | Found Gozag's Platinum Reserve.
  2437 | D:3      | Reached XP level 4. HP: 3/24 MP: 3/11
  2602 | D:3      | Found an opulent altar of Gozag.
  3538 | D:4      | Reached skill level 4 in Spellcasting
  3635 | D:4      | Noticed Eustachio
  3651 | D:4      | Killed Eustachio
  3652 | D:4      | Reached XP level 5. HP: 6/28 MP: 2/13
  3652 | D:4      | Reached XP level 6. HP: 7/32 MP: 2/14
  3782 | D:4      | Found a white marble altar of Elyvilon.
  4485 | D:5      | Entered Level 5 of the Dungeon
  4494 | D:5      | Noticed Edmund
  4511 | D:4      | Reached skill level 5 in Spellcasting
  4622 | D:4      | Slain by Edmund

Illustrated notes

Levels and vault maps discovered:
D:1:      lemuel_arrival_room, layout_loops_ring, st_stairs_13
D:2:      layout_loops_ring, minmay_ruptured
D:3:      layout_loops_corners, nicolae_gozag_zags_fifth_avenue,
          mainiacjoe_overflow_catwalk_spiral
D:4:      layout_gridville, elyvilon_altar_3, uniq_eustachio
D:5:      layout_basic, mainiacjoe_overflow_paths,
          mainiacjoe_overflow_small_starburst, bloody_makhleb, temple_pool_b,
          hellmonk_ghost_happy_afterlife, kennysheep_generic_room_5,
          uniq_duvessa, uniq_edmund

Skill      XL: |  1  2  3  4  5  6 |
---------------+-------------------+-----
Stealth        | 3 4 |  4.6
Dodging        | 3 4 |  4.3
Conjurations   | 2 3 |  3.3
Fire Magic     | 4 |  4.8
Spellcasting   | 4 5 |  5.0

Action                     |  1- 3 |  4- 6 || total
---------------------------+-------+-------++-------
  Melee: Unarmed           |    24 |    10 ||    34
   Cast: Foxfire           |   114 |   102 ||   216
         Scorch            |     3 |    28 ||    31
    Use: Scroll            |       |     7 ||     7
 Armour: Robe              |    30 |    38 ||    68
  Dodge: Dodged            |    27 |    44 ||    71
